 Dungeon Crawl Stone Soup version 0.21-a0-264-g3e31e41 (webtiles) character file.

386 Blomdor the Skirmisher (level 6, -3/49 HPs)
             Began as a Barachi Wizard on Sept 10, 2017.
             Succumbed to a kobold's poison
             ... in a sewer.
             The game lasted 00:08:16 (2761 turns).

Blomdor the Skirmisher (Barachi Wizard)             Turns: 2761, Time: 00:08:17

Health: -3/49      AC:  7    Str: 15    XL:     6   Next: 78%
Magic:  10/10      EV: 13    Int: 24    God:
Gold:   87         SH:  0    Dex: 10    Spells: 4/11 levels left

rFire    . . .     SeeInvis .   k - +2 short sword (drain)
rCold    . . .     Gourm    .   (no shield)
rNeg     . . .     Faith    .   a - +0 robe
rPois    .         Spirit   .   s - +0 helmet
rElec    .         Reflect  .   (no cloak)
rCorr    .         Harm     .   m - +0 pair of gloves
MR       .....                  g - +2 pair of boots
Stlth    ++........             (no amulet)
HPRegen  0.16/turn              b - +3 ring of slaying
MPRegen  0.12/turn              h - -2 ring of protection (curse)

@: mighty, brilliant, lethally poisoned (-3 -> -56), can't hop, flying, slow
A: +LOS, swims, talons 1, molten scales 1, sense surroundings 1, slowness 1,
strong legs 1
a: Hop


You were in a sewer.
You were not hungry.

You visited 1 branch of the dungeon, and saw 3 of its levels.
You also visited: Sewer.

You collected 87 gold pieces.

Inventory:

Hand Weapons
 k - a +2 short sword of draining (weapon)
 v - a +0 war axe
Armour
 a - a +0 robe (worn)
 e - a +0 scale mail
 g - a +2 pair of boots (worn)
 m - a +0 pair of gloves (worn)
 q - a +0 chain mail
 s - a +0 helmet (worn)
Jewellery
 b - a +3 ring of slaying (left hand)
 f - an uncursed ring of magical power
 h - a cursed -2 ring of protection (right hand)
 p - an uncursed ring of flight
 r - an uncursed ring of stealth
Scrolls
 i - 2 scrolls of teleportation
 w - a scroll of enchant weapon {unknown}
Potions
 o - 2 potions of haste
 u - a potion of flight
Books
 c - a book of Minor Magic

   Spells                             Type                      Level
   a - Magic Dart                     Conjuration                  1
   b - Blink                          Translocation                2
   c - Call Imp                       Summoning                    2
   d - Slow                           Hexes                        2
   e - Conjure Flame                  Conjuration/Fire             3
   f - Mephitic Cloud                 Conjuration/Poison/Air       3
Comestibles
 d - 2 bread rations
 j - a meat ration
 l - 4 chunks of flesh
 n - a royal jelly


   Skills:
 - Level 4.4 Fighting
 * Level 4.2 Axes
 - Level 2.8 Armour
 - Level 3.3 Dodging
 - Level 1.7 Stealth
 - Level 3.2 Spellcasting
 - Level 1.1 Conjurations
   Level 1.2 Summonings
   Level 1.1 Translocations


You had 4 spell levels left.
You knew the following spells:

 Your Spells              Type           Power        Failure   Level  Hunger
a - Magic Dart            Conj           ###.         1%          1    None
b - Mephitic Cloud        Conj/Pois/Air  ###.....     3%          3    ###....
c - Conjure Flame         Conj/Fire      ###.....     3%          3    ###....


Dungeon Overview and Level Annotations

Branches:
Dungeon (3/15)

Altars:
The Shining One


Innate Abilities, Weirdness & Mutations

Shadows flee at your approach. (+LOS)
You can swim through water.
You cover ground slowly.
You can hop short distances.
You have sharp toenails.
You are partially covered in molten scales. (AC +2)
You passively map a small area around you.


Message History

You miss the kobold.
* * * LOW HITPOINT WARNING * * *
You feel very sick. The kobold hits you but does no damage.
You are more poisoned.
The kobold shoots a poisoned needle.
The poisoned needle barely misses you.
Unknown command.
You closely miss the kobold.
* * * LOW HITPOINT WARNING * * *
You feel very sick. The kobold hits you but does no damage.
The kobold shoots a poisoned needle.
The poisoned needle hits you!
You are more poisoned.
You barely miss the kobold.
* * * LOW HITPOINT WARNING * * *
You feel very sick. The kobold barely misses you.
Unknown command.
You barely miss the kobold.
You die...

#......P#≈≈≈#.....#
#.......#≈≈≈#P≈≈..#
##...≈.≈#≈≈≈#≈≈...#
#...≈≈≈#≈≈≈#P≈P..#
###..≈≈#≈≈≈≈≈≈≈..#
##++##≈≈≈##)'###
#≈≈≈#..).# , ###
#..)K# ∩ #.∩K@# ,
#?...# ######


You could see 2 kobolds.

Vanquished Creatures
  2 big kobolds (Sewer)
  An orc priest (D:3)
  A hound (D:2)
  Terence (D:2)
  4 adders (D:2)
  6 oozes
  A worm (D:2)
  A dart slug (D:1)
  3 leopard geckos
  6 orcs (D:3)
  12 bats
  3 giant cockroaches (D:1)
  7 goblins
  5 hobgoblins
  12 jackals
  13 kobolds
  3 ball pythons
  2 frilled lizards
  10 rats
93 creatures vanquished.

Notes
Turn   | Place    | Note
-------+----------+-------------------------------------------
     0 | D:1      | Blomdor the Barachi Wizard began the quest for the Orb.
     0 | D:1      | Reached XP level 1. HP: 13/13 MP: 4/4
    38 | D:1      | Reached skill level 1 in Fighting
   377 | D:1      | Reached XP level 2. HP: 22/22 MP: 1/6
   813 | D:1      | Reached XP level 3. HP: 23/29 MP: 7/7
   821 | D:1      | Learned a level 3 spell: Mephitic Cloud
   828 | D:1      | Learned a level 3 spell: Conjure Flame
  1410 | D:2      | Noticed Terence
  1417 | D:2      | Reached skill level 1 in Armour
  1431 | D:2      | Killed Terence
  1431 | D:2      | Reached XP level 4. HP: 33/37 MP: 8/8
  1972 | D:2      | Reached XP level 5. HP: 40/42 MP: 9/9
  2073 | D:2      | Found a glowing golden altar of the Shining One.
  2405 | D:3      | Reached skill level 1 in Axes
  2538 | D:3      | Gained mutation: You have sharp toenails. [potion of mutation]
  2538 | D:3      | Gained mutation: You passively map a small area around you. [potion of mutation]
  2538 | D:3      | Gained mutation: You are partially covered in molten scales. (AC +2) [potion of mutation]
  2573 | D:3      | Found a glowing drain.
  2588 | Sewer    | Entered a sewer
  2606 | Sewer    | Noticed a big kobold
  2613 | Sewer    | Killed a big kobold
  2613 | Sewer    | Reached XP level 6. HP: 46/49 MP: 10/10
  2754 | Sewer    | HP: 1/49 [poisoned by a kobold]
  2760 | Sewer    | HP: 1/49 [poisoned by a kobold]
  2761 | Sewer    | Succumbed to a kobold's poison

Vault maps used:
D:1:      elethiomel_arrival_quiet
D:2:      tso_metal_star, uniq_terence
D:3:      cheibrodos_sewer_entry_bend
Sewer:    kennysheep_pipe_town

Skill      XL: |  1  2  3  4  5  6 |
---------------+-------------------+-----
Fighting       | 1 3 4 |  4.4
Armour         | 1 2 |  2.8
Dodging        | 3 |  3.3
Axes           | 3 4 |  4.2
Stealth        | |  1.7
Spellcasting   | |  3.2
Conjurations   | |  1.1
Summonings     | |  1.2
Translocations | |  1.1

Action                   |  1- 3 |  4- 6 || total
-------------------------+-------+-------++-------
Melee: Unarmed           |    42 |       ||    42
       Short sword       |    72 |   170 ||   242
       Dagger            |    13 |       ||    13
 Cast: Magic Dart        |    14 |       ||    14
 Abil: Hop               |     1 |     1 ||     2
  Use: Potion            |     1 |     6 ||     7
       Scroll            |     2 |     5 ||     7
 Stab: Sleeping          |     8 |     3 ||    11
  Eat: Chunk             |     2 |     5 ||     7
Armor: Robe              |    42 |    69 ||   111
Dodge: Dodged            |   107 |   141 ||   248

Table legend:
 A = Spawn XP
 B = Non-spawn XP
 C = Spawn XP percentage of total XP
 D = Spawn monster count
 E = Non-spawn monster count
 F = Spawn count percentage of total count
 G = Total turns spent on level
                    A         B        C        D         E        F      G
               +---------+---------+-------+---------+---------+-------+---------
         Total |       0 |     552 |   0.0 |       0 |      93 |   0.0 |  2761
               +---------+---------+-------+---------+---------+-------+---------
           D:1 |       0 |      63 |   0.0 |       0 |      32 |   0.0 |  1396
           D:2 |       0 |     177 |   0.0 |       0 |      30 |   0.0 |   884
           D:3 |       0 |      71 |   0.0 |       0 |      14 |   0.0 |   308
         Sewer |       0 |     241 |   0.0 |       0 |      17 |   0.0 |   173
               +---------+---------+-------+---------+---------+-------+---------
